 Dungeon Crawl Stone Soup version 0.27-a0-1136-g0b992a5a9d (webtiles) character file.

Game seed: 5943292068030701730

84299 Dittersdorf the Warrior (level 15, -4/107 HPs)
             Began as a Gargoyle Fighter on May 5, 2021.
             Was a High Priest of Okawaru.
             Slain by a sun demon (9 damage)
             ... summoned by an orc sorcerer
             ... on level 2 of the Orcish Mines.
             The game lasted 00:42:07 (29567 turns).

Dittersdorf the Warrior (Gargoyle Fighter)         Turns: 29567, Time: 00:42:08

Health: -4/107     AC: 45    Str: 30    XL:     15   Next: 80%
Magic:  0/15       EV: 10    Int: 11    God:    Okawaru [*****.]
Gold:   2794       SH: 25    Dex:  9    Spells: 14/14 levels left

rFire    . . .     SeeInvis .   v - +3 morningstar
rCold    + . .     Faith    .   c - +1 kite shield
rNeg     + . .     Spirit   +   G - +2 plate armour {rC+}
rPois    ∞         Reflect  .   h - +0 helmet
rElec    +         Harm     .   z - +2 cloak {Will+}
rCorr    .         Rampage  .   y - +0 pair of gloves
Will     ++...                  E - +0 pair of boots
Stlth    ..........             B - brooch of Shielding {Spirit SH+8}
HPRegen  0.27/turn              n - +6 ring of strength
MPRegen  0.14/turn              A - +4 ring of protection

@: heroic, flying
A: sickness immunity, AC +11, big wings, negative energy resistance 1,
electricity resistance, torment resistance 1, unbreathing 1, petrification
resistance
a: Renounce Religion, Heroism, Finesse


You were on level 2 of the Orcish Mines.
You worshipped Okawaru.
Okawaru was extremely pleased with you.
You visited 4 branches of the dungeon, and saw 20 of its levels.
You also visited: Gauntlet and Ice Cave.

You collected 2974 gold pieces.
You spent 180 gold pieces at shops.

Inventory:

Hand Weapons
 v - a +3 morningstar (weapon)
Missiles
 F - 6 atropa-tipped darts (quivered)
Armour
 c - a +1 kite shield (worn)
 h - a +0 helmet (worn)
 i - a +0 tower shield
 y - a +0 pair of gloves (worn)
 z - a +2 cloak of willpower (worn)
 E - a +0 pair of boots (worn)
 G - a +2 plate armour of cold resistance (worn)
Jewellery
 b - a ring of ice
 e - a ring of positive energy
 f - a ring of resist corrosion
 j - a ring of positive energy
 n - a +6 ring of strength (left hand)
 A - a +4 ring of protection (right hand)
 B - the brooch of Shielding (around neck) {Spirit SH+8}
   (You found it in a Gauntlet)

   [amulet of guardian spirit]

   It causes incoming damage to be divided between your reserves of health and
   magic.
   It affects your SH (+8).
Wands
 q - a wand of iceblast (28)
 s - a wand of acid (12)
 u - a wand of flame (67)
 I - a wand of digging (8)
Scrolls
 g - 6 scrolls of blinking
 l - 4 scrolls of fog
 p - 2 scrolls of enchant weapon
 w - 4 scrolls of fear
 x - 6 scrolls of teleportation
 H - a scroll of enchant armour
 J - 5 scrolls of identify
 K - 3 scrolls of magic mapping
Potions
 a - 9 potions of curing
 d - 2 potions of might
 k - 2 potions of berserk rage
 o - 4 potions of mutation
 r - 3 potions of haste
 t - 9 potions of heal wounds
 C - a potion of magic
 D - 3 potions of ambrosia
Miscellaneous
 m - a phantom mirror


   Skills:
 + Level 17.1(22.1) Fighting
 + Level 13.7(18.7) Maces & Flails
 + Level 15.0(20.0) Armour
 + Level 15.0(20.0) Shields


You had 14 spell levels left.
You didn't know any spells.
Your spell library contained the following spells:

 Spells                   Type           Power      Damage    Failure   Level
 Animate Skeleton         Necr           0%         N/A       82%         1
 Apportation              Tloc           0%         N/A       82%         1
 Beastly Appendage        Tmut           0%         N/A       82%         1
 Corona                   Hex            0%         N/A       82%         1
 Magic Dart               Conj           0%         1d3       82%         1
 Pain                     Necr           0%         1d4       82%         1
 Shock                    Conj/Air       0%         1d3       82%         1
 Summon Small Mammal      Summ           0%         N/A       82%         1
 Blink                    Tloc           N/A        N/A       91%         2
 Call Imp                 Summ           0%         N/A       91%         2
 Slow                     Hex            0%         N/A       91%         2
 Static Discharge         Conj/Air       0%         N/A       91%         2
 Wereblood                Tmut           0%         N/A       91%         2
 Call Canine Familiar     Summ           0%         N/A       99%         3
 Conjure Flame            Conj/Fire      0%         6-21      99%         3
 Gell's Gravitas          Tloc           0%         N/A       99%         3
 Ignite Poison            Fire/Tmut/Pois 0%         N/A       99%         3
 Mephitic Cloud           Conj/Pois/Air  0%         N/A       99%         3
 Portal Projectile        Hex/Tloc       0%         N/A       99%         3
 Spider Form              Tmut/Pois      0%         N/A       99%         3
 Summon Guardian Golem    Hex/Summ       0%         N/A       99%         3
 Swiftness                Air            0%         N/A       99%         3
 Vampiric Draining        Necr           0%         2d6       99%         3
 Airstrike                Air            0%         N/A       100%        4
 Animate Dead             Necr           0%         N/A       100%        4
 Ice Form                 Ice/Tmut       0%         N/A       100%        4
 Passage of Golubria      Tloc           N/A        N/A       100%        4
 Petrify                  Tmut/Erth      0%         N/A       100%        4
 Summon Ice Beast         Ice/Summ       0%         N/A       100%        4
 Summon Lightning Spire   Summ/Air       0%         N/A       100%        4
 Agony                    Necr           0%         N/A       100%        5
 Alistair's Intoxication  Tmut/Pois      0%         N/A       100%        5
 Hydra Form               Tmut           0%         N/A       100%        5
 Irradiate                Conj/Tmut      0%         3d13      100%        5
 Lightning Bolt           Conj/Air       0%         1d11      100%        5
 Manifold Assault         Tloc           0%         N/A       100%        5
 Dispersal                Tloc           0%         N/A       100%        6
 Eringya's Noxious Bog    Tmut/Pois      0%         N/A       100%        6
 Freezing Cloud           Conj/Ice/Air   0%         6-21      100%        6
 Simulacrum               Ice/Necr       0%         N/A       100%        6
 Ozocubu's Refrigeration  Ice            0%         4d5       100%        7
 Disjunction              Tloc           0%         N/A       100%        8
 Sublimation of Blood     Necr           Unusable   N/A       N/A         2

Dungeon Overview and Level Annotations

Branches:
Dungeon (11/15)            Temple (1/1) D:5            Lair (6/6) D:8
  Swamp (0/4) Lair:3       Spider (0/4) Lair:4        Slime (0/5) Lair:5
    Orc (2/2) D:9           IceCv (visited)         Gauntlet (visited)
    Elf: Orc:2

Altars:
Ashenzari
Cheibriados
Dithmenos
Elyvilon
Fedhas
Gozag
Hepliaklqana
Kikubaaqudgha
Makhleb
Nemelex Xobeh
Okawaru
Qazlal
Ru
Sif Muna
Trog
Uskayaw
Vehumet
Wu Jian
Xom
Yredelemnul
Zin
The Shining One

Shops:
Orc:1 ?!==


Innate Abilities, Weirdness & Mutations

You are immune to sickness and miasma.
Your stone body is resilient. (AC +11)
You are immune to poison.
Your large and strong wings let you fly.
You resist negative energy. (rN+)
You are resistant to electric shocks. (rElec)
You are resistant to unholy torment.
You can survive without breathing.
You are immune to petrification.


Message History

You are too injured to fight recklessly!
You are too injured to fight recklessly!
You are too injured to fight recklessly!
You are too injured to fight recklessly!
You are too injured to fight recklessly!
You are too injured to fight recklessly!
You are too injured to fight recklessly!
You are too injured to fight recklessly!
You are too injured to fight recklessly!
You are too injured to fight recklessly!
You are too injured to fight recklessly!
You are too injured to fight recklessly!
You gain the combat prowess of a mighty hero.
The sun demon hits you.
* * * LOW HITPOINT WARNING * * *
You are engulfed in flames!
* * * LOW HITPOINT WARNING * * *
The orc high priest utters an invocation to Beogh.
The orange demon stings you from afar.
* * * LOW HITPOINT WARNING * * *
The orc priest hits you but does no damage.
The orc barely misses you. You block the orc warrior's attack.
The orc sorcerer gestures at you while chanting.
The bolt of negative energy hits you but does no damage.
You partially resist. You block the sun demon's attack.
Okay, then.
You hit the orc high priest.
The orc high priest is severely wounded.
You block the orc high priest's attack. You block the orange demon's attack.
You block the orc priest's attack.
You impale the orc high priest!!
You kill the orc high priest!
Okawaru accepts your kill.
The orange demon disappears in a puff of smoke!
The hellwing disappears in a puff of smoke!
The chaos spawn degenerates into a cloud of primal chaos!
The sun demon hits you!
* * * LOW HITPOINT WARNING * * *
You are engulfed in flames!
You die...

........................
..#..........#.#........
.#............#.........
##............#.........
.......................#
)......#.........)....#
.......#..........#
......###.......§.#
......# ##.#...o@)#
.....## ####..o3oo4....
...### #..o§8o§8..8.
.### #....o....... ##
.............. #
......8..8..8.. #
#.##........... ..
#.8.........


You could see a sun demon (summoned), an orc sorcerer, a red devil (summoned), 2
orc warriors, 2 orc priests and 2 orcs.

Vanquished Creatures
  A frost giant (IceCv)
  2 orc warlords
  A minotaur (Gauntlet)
  Snorg (Lair:4)
  6 hydras
  Erolcha (D:10)
  A boulder beetle (Lair:5)
  A catoblepas (Lair:5)
  2 centaur warriors (D:8)
  4 two-headed ogres
  A death scarab (Gauntlet)
  An orc high priest (Orc:2)
  The ghost of DocEon the Cleaver, a novice MiBe of Trog (D:6)
  The ghost of rjrrt the Cleaver, a novice DsBe of Trog (D:6)
  An obsidian statue (D:9)
  A deep elf pyromancer (D:8)
  2 orc sorcerers (Orc:2)
  4 oklob plants (Lair:5)
  An ugly thing (D:11)
  A manticore (D:11)
  An ice statue (IceCv)
  5 black mambas (Lair:5)
  11 elephants (Lair:6)
  2 gargoyles
  11 cane toads
  2 torpor snails
  7 rime drakes
  A kobold demonologist (D:9)
  15 komodo dragons
  Psyche (D:9)
  A queen bee (Gauntlet)
  2 tyrant leeches (Lair:3)
  A meliai (D:8)
  25 polar bears
  5 trolls
  4 hornets (Lair:6)
  5 dream sheep
  35 blink frogs
  A shadow (D:11)
  14 spriggans (Lair:6)
  5 wyverns
  76 yaks
  3 wraiths
  4 basilisks
  A spectral komodo dragon (Gauntlet)
  Grum (Lair:1)
  A vampire mosquito (D:8)
  A swamp worm (Lair:3)
  A warg (Orc:2)
  20 water moccasins
  2 sky beasts (D:6)
  8 black bears
  10 ice beasts
  19 orc warriors
  2 necrophages
  10 ogres
  3 boggarts (Lair:6)
  51 wolves
  13 centaurs
  2 phantoms
  Blork the orc (Orc:1)
  A gnoll sergeant (D:5)
  17 bullfrogs
  2 scorpions
  A water moccasin zombie (D:6)
  8 killer bees
  14 wights
  A howler monkey (D:7)
  A bullfrog zombie (D:6)
  6 centaur zombies
  Crazy Yiuf (D:2)
  2 centaur skeletons
  A gnoll shaman (D:4)
  6 hounds
  3 jellies
  14 orc priests
  6 iguanas
  23 orc wizards
  7 hell rats (Lair:4)
  A howler monkey zombie (D:6)
  9 gnolls
  7 adders
  2 worms
  2 dart slugs (D:2)
  65 orcs
  10 bats
  8 endoplasms
  6 giant cockroaches
  5 goblins
  7 hobgoblins
  9 jackals
  2 quokkas
  4 ball pythons
  2 frilled lizards
  7 kobolds
  10 rats
687 creatures vanquished.

Vanquished Creatures (others)
  2 polar bears (IceCv)
  A yak (IceCv)
  A boggart (Lair:6)
  5 wolves (IceCv)
  33 fungi
  40 plants
  12 withered plants (Gauntlet)
94 creatures vanquished.

Grand Total: 781 creatures vanquished

Notes
Turn   | Place    | Note
-------+----------+-------------------------------------------
     0 | D:1      | Dittersdorf the Gargoyle Fighter began the quest for the
                  | Orb.
     0 | D:1      | Reached XP level 1. HP: 14/14 MP: 1/1
   313 | D:1      | Reached XP level 2. HP: 19/19 MP: 2/2
   833 | D:1      | Found a faded altar of an unknown god.
   876 | D:2      | Reached XP level 3. HP: 21/23 MP: 3/3
   898 | D:2      | Noticed a water moccasin
   934 | D:1      | Killed a water moccasin
   935 | D:1      | Reached skill level 4 in Fighting
   935 | D:1      | Reached XP level 4. HP: 9/29 MP: 4/4
   935 | D:1      | Reached XP level 5. HP: 10/33 MP: 5/5
  1772 | D:2      | Reached XP level 6. HP: 36/39 MP: 6/6
  2017 | D:2      | Found a runed translucent door.
  2018 | D:2      | Noticed Crazy Yiuf
  2320 | D:2      | Killed Crazy Yiuf
  3419 | D:3      | Identified the amulet "Sel Ceit" {Faith rPois}
  3631 | D:4      | Reached skill level 5 in Armour
  3820 | D:4      | Reached skill level 5 in Fighting
  3820 | D:4      | Reached skill level 5 in Shields
  4057 | D:4      | Reached XP level 7. HP: 44/44 MP: 7/7
  4855 | D:5      | Entered Level 5 of the Dungeon
  5054 | D:5      | Reached XP level 8. HP: 50/51 MP: 8/8
  5138 | D:5      | Found a staircase to the Ecumenical Temple.
  5155 | Temple   | Entered the Ecumenical Temple
  5515 | D:5      | Found a bloodstained altar of Trog.
  5516 | D:5      | Found an iron altar of Okawaru.
  5521 | D:5      | Reached skill level 6 in Fighting
  5525 | D:5      | Became a worshipper of Warmaster Okawaru
  5561 | D:5      | Reached skill level 5 in Maces & Flails
  6323 | D:5      | Found a broken altar of Ashenzari.
  6567 | D:5      | Reached * piety under Okawaru
  7168 | D:6      | Reached skill level 7 in Fighting
  7168 | D:6      | Reached XP level 9. HP: 51/57 MP: 9/9
  7716 | D:6      | Reached ** piety under Okawaru
  7870 | D:6      | Found a runed translucent gate.
  7870 | D:6      | Found a runed translucent gate.
  7870 | D:6      | Noticed DocEon's ghost (novice MiBe)
  7871 | D:6      | Found a runed translucent gate.
  7871 | D:6      | Noticed rjrrt's ghost (novice DsBe)
  8655 | D:6      | Reached skill level 8 in Fighting
  9026 | D:7      | Reached XP level 10. HP: 64/64 MP: 10/10
  9758 | D:7      | Found a glowing golden altar of the Shining One.
  9759 | D:7      | Found a burning altar of Makhleb.
  9990 | D:7      | Found a shadowy altar of Dithmenos.
  9990 | D:7      | Found a stormy altar of Qazlal.
 10029 | D:8      | Noticed a kobold demonologist
 10030 | D:8      | Noticed a two-headed ogre
 10034 | D:8      | Noticed a rust devil
 10390 | D:9      | Noticed a soul eater
 10391 | D:9      | Killed a kobold demonologist
 10391 | D:9      | Reached *** piety under Okawaru
 10417 | D:9      | Killed a two-headed ogre
 10418 | D:9      | Reached skill level 9 in Fighting
 10805 | D:8      | Noticed a centaur warrior
 10813 | D:8      | Killed a centaur warrior
 10816 | D:8      | Found a staircase to the Lair.
 10833 | D:8      | Noticed a gargoyle
 10840 | D:8      | Killed a gargoyle
 10840 | D:8      | Reached **** piety under Okawaru
 10846 | D:8      | Noticed a deep elf pyromancer
 10849 | D:8      | Killed a deep elf pyromancer
 10850 | D:8      | Reached XP level 11. HP: 71/71 MP: 9/11
 10856 | D:8      | Noticed a centaur warrior
 10866 | D:8      | Killed a centaur warrior
 11835 | D:9      | Found a white marble altar of Elyvilon.
 11836 | D:9      | Noticed a two-headed ogre
 11868 | D:9      | Killed a two-headed ogre
 11869 | D:9      | Reached skill level 10 in Fighting
 11869 | D:9      | Reached skill level 10 in Armour
 11869 | D:9      | Reached skill level 10 in Shields
 11910 | D:9      | Found a runed translucent door.
 11923 | D:9      | Found a runed translucent door.
 11940 | D:9      | Found a runed translucent door.
 11957 | D:9      | Found a runed translucent door.
 12066 | D:9      | Noticed Psyche
 12074 | D:9      | Killed Psyche
 12147 | D:9      | Found a staircase to the Orcish Mines.
 12274 | D:9      | Reached ***** piety under Okawaru
 12395 | D:9      | Found a hide-covered altar of Uskayaw.
 12620 | D:9      | Noticed an obsidian statue
 12701 | D:10     | Entered Level 10 of the Dungeon
 13245 | D:10     | Noticed Erolcha
 13250 | D:10     | Killed Erolcha
 13289 | D:10     | Noticed a seven-headed hydra
 13296 | D:10     | Killed a seven-headed hydra
 13805 | D:11     | Noticed a green ugly thing
 13819 | D:11     | Killed a green ugly thing
 13843 | D:11     | Found a frozen archway.
 13895 | D:11     | Received a gift from Okawaru
 13896 | D:11     | Reached XP level 12. HP: 76/79 MP: 12/12
 13906 | IceCv    | Entered an ice cave
 14079 | IceCv    | Reached skill level 11 in Fighting
 14449 | IceCv    | Reached skill level 10 in Maces & Flails
 14822 | IceCv    | Received a gift from Okawaru
 15321 | IceCv    | Noticed a frost giant
 15331 | IceCv    | Killed a frost giant
 15739 | IceCv    | Identified the +9 bardiche of Lulo {freeze, rElec rC+ Str+5
                  | Dex+2}
 15973 | D:11     | Noticed a two-headed ogre
 15984 | D:11     | Killed a two-headed ogre
 16060 | D:11     | Reached skill level 12 in Fighting
 16181 | D:11     | Reached XP level 13. HP: 78/86 MP: 13/13
 16728 | D:6      | Killed rjrrt's ghost
 16735 | D:6      | Killed DocEon's ghost
 16869 | D:6      | Identified a scroll of acquirement
 16869 | D:6      | Acquired a manual of Fighting
 17419 | Lair:1   | Entered Level 1 of the Lair of Beasts
 17420 | Lair:1   | Noticed Grum
 17503 | Lair:1   | Killed Grum
 17687 | Lair:1   | Reached ****** piety under Okawaru
 17687 | Lair:1   | Identified the +0 buckler of the Learner {Dex+4} (Okawaru
                  | gifted it to you on level 1 of the Lair of Beasts)
 17687 | Lair:1   | Received a gift from Okawaru
 18430 | Lair:1   | Reached skill level 13 in Fighting
 20526 | Lair:3   | Received a gift from Okawaru
 20563 | Lair:3   | Reached skill level 14 in Fighting
 20573 | Lair:3   | Gained mutation: Your large and strong wings let you fly.
                  | [Gargoyle growth]
 20573 | Lair:3   | Reached XP level 14. HP: 60/96 MP: 14/14
 21156 | Lair:3   | Found a staircase to the Swamp.
 21471 | Lair:4   | Found a hole to the Spider Nest.
 21933 | Lair:4   | Identified the +0 hat "Tual Qunt" {Rampage Regen+ Str-4
                  | Dex+2} (Okawaru gifted it to you on level 4 of the Lair of
                  | Beasts)
 21933 | Lair:4   | Received a gift from Okawaru
 22406 | Lair:4   | Noticed Snorg
 22423 | Lair:4   | Killed Snorg
 23147 | Lair:5   | Found a gate leading to a gauntlet.
 23218 | Gauntlet | Entered a Gauntlet
 23218 | Gauntlet | Found a transporter.
 23218 | Gauntlet | Found a transporter.
 23218 | Gauntlet | Found a transporter.
 23267 | Gauntlet | Found a transporter.
 23268 | Gauntlet | Found a transporter.
 23279 | Gauntlet | Found the brooch of Shielding {Spirit SH+8}
 23280 | Gauntlet | Found a transporter.
 23282 | Gauntlet | Found a transporter.
 23284 | Gauntlet | Found a large runed translucent door.
 23285 | Gauntlet | Found a large runed translucent door.
 23286 | Gauntlet | Found a large runed translucent door.
 23286 | Gauntlet | Found a large runed translucent door.
 23286 | Gauntlet | Found a runed translucent door.
 23286 | Gauntlet | Found a runed translucent door.
 23287 | Gauntlet | Found a large runed translucent door.
 23288 | Gauntlet | Found a large runed translucent door.
 23289 | Gauntlet | Found a large runed translucent door.
 23289 | Gauntlet | Found a large runed translucent door.
 23290 | Gauntlet | Found a runed translucent gate.
 23290 | Gauntlet | Found a runed translucent gate.
 23290 | Gauntlet | Found a runed translucent gate.
 23292 | Gauntlet | Found a transporter.
 23302 | Gauntlet | Found a large runed translucent door.
 23302 | Gauntlet | Found a large runed translucent door.
 23303 | Gauntlet | Found a large runed translucent door.
 23304 | Gauntlet | Found a large runed translucent door.
 23313 | Gauntlet | Found a large runed translucent door.
 23313 | Gauntlet | Found a large runed translucent door.
 23314 | Gauntlet | Found a large runed translucent door.
 23315 | Gauntlet | Found a large runed translucent door.
 23384 | Gauntlet | Found a transporter.
 23394 | Gauntlet | Found a transporter.
 23398 | Gauntlet | Found a transporter.
 23408 | Gauntlet | Found a transporter.
 23481 | Gauntlet | Reached skill level 15 in Fighting
 23667 | Gauntlet | Identified the +10 hunting sling of Ohibbion {freeze, rPois
                  | rCorr Dex-2 SInv}
 24184 | Lair:5   | Found a staircase to the Slime Pits.
 25079 | Lair:6   | Entered Level 6 of the Lair of Beasts
 25132 | Lair:6   | Received a gift from Okawaru
 25311 | Lair:6   | Received a gift from Okawaru
 25444 | Lair:6   | Reached XP level 15. HP: 104/104 MP: 15/15
 25484 | Lair:6   | Reached skill level 16 in Fighting
 26306 | Lair:6   | Identified the +0 plate armour of Jigsaw {Harm Drain Int+9}
 26688 | Lair:6   | Received a gift from Okawaru
 27697 | Orc:1    | Entered Level 1 of the Orcish Mines
 27697 | Orc:1    | Found Pitofruc's Jewellery Boutique.
 27697 | Orc:1    | Found Siben's Jewellery Shoppe.
 27731 | Orc:1    | Found Adua's Distillery.
 27732 | Orc:1    | Found Weff's Magic Scroll Shoppe.
 27791 | Orc:1    | Found Fogunee's Weapon Emporium.
 27843 | Orc:1    | Bought a potion of heal wounds for 90 gold pieces
 27843 | Orc:1    | Bought a potion of heal wounds for 90 gold pieces
 28223 | Orc:2    | Entered Level 2 of the Orcish Mines
 28350 | Orc:2    | Noticed an orc warlord
 28372 | Orc:2    | Killed an orc warlord
 28373 | Orc:2    | Reached skill level 17 in Fighting
 28769 | Orc:2    | Noticed Blork the orc
 28772 | Orc:2    | Noticed an orc warlord
 29132 | Orc:1    | Killed Blork the orc
 29230 | Orc:1    | Killed an orc warlord
 29231 | Orc:1    | Reached skill level 15 in Armour
 29231 | Orc:1    | Reached skill level 15 in Shields
 29567 | Orc:2    | HP: 5/107 [sun demon[an orc sorcerer] (10)]
 29567 | Orc:2    | Slain by a sun demon

Illustrated notes

Levels and vault maps discovered:
D:1:      eino_arrival_tree_alley, layout_loops_ring,
          chequers_ecumenical_altar_lobes
D:2:      layout_loops_ring, uniq_crazy_yiuf_cottage
D:3:      layout_basic, minmay_checkerbox
D:4:      layout_basic, minmay_misc_feat_tiny, serial_bayou_ford_a
D:5:      layout_basic, grunt_temple_overflow_bloody_war,
          nicolae_ashenzari_skybound, minmay_temple_entry_butterflies,
          kennysheep_generic_room_7
D:6:      minmay_polygon_palace, layout_loops_ring, gammafunk_ghost_cemetery,
          lightli_orcish_oven
D:7:      layout_loops_corners, nicolae_overflow_hidden_temple,
          minmay_misc_feat_chi
D:8:      minmay_diamond_stairs, layout_gridville, lair_entry_dummy,
          enter_bailey_2
D:9:      layout_loops_ring, lemuel_round_altar, lemuel_tele_altar, orc_0_dummy,
          minmay_statue_crystal_thing, uniq_psyche
D:10:     layout_long_grid, uniq_erolcha
D:11:     layout_roguey, portal_ice_cave_entry_ice_beasts, grunt_decor_clamped
Temple:   oiseaux_autumnal_temple
Lair:1:   layout_loops_ring, lemuel_fruit_tree, uniq_grum
Lair:2:   layout_regular_city
Lair:3:   layout_cave_pods, minmay_swamp_entry_worms
Lair:4:   layout_cave_pods, dummy_spider_entry, st_stairs_5,
          hibernation_bobbens, infiniplex_staircase_pool_2, grunt_megastairs_5,
          lemuel_fruit_fields, uniq_snorg
Lair:5:   beast_lair_carwin_large_1, layout_long_grid,
          minmay_slime_entry_oklob_enclosed, gauntlet_entry_generic,
          cheibrodos_lair_lostbears
Lair:6:   minmay_lair_end_enchanted_forest, layout_hall_layers,
          chequers_serial_rivers_room_a
Orc:1:    layout_caves, serial_shops, shop_scrolls, shop,
          nicolae_shop_statue_plus, nicolae_shop_waterfront, shop,
          nicolae_orc_rich_vein
Orc:2:    grunt_orc_cross, layout_diamond_mine, bh_open_orc_temple

Skill      XL: |  1  2  3  4  5  6  7  8  9 10 11 12 13 14 15 |
---------------+----------------------------------------------+-----
Fighting       | 4 5 7 8 9 10 12 14 15 17 | 17.1
Maces & Flails | 3 4 5 7 8 9 10 12 13 | 13.7
Armour         | 4 5 7 8 9 10 12 13 14 15 | 15.0
Shields        | 4 5 7 8 9 10 12 13 14 15 | 15.0

Action                   |  1- 3 |  4- 6 |  7- 9 | 10-12 | 13-15 || total
-------------------------+-------+-------+-------+-------+-------++-------
Melee: Flail             |   114 |   278 |   236 |       |       ||   628
       Morningstar       |       |       |   237 |   666 |  1875 ||  2778
Invok: Heroism           |       |       |       |    12 |    29 ||    41
Evoke: Wand              |       |       |       |     4 |    12 ||    16
  Use: Scroll            |       |       |    18 |     4 |    10 ||    32
 Stab: Invisible         |       |       |       |     1 |       ||     1
Armor: Scale mail        |    76 |   182 |    45 |       |       ||   303
       Chain mail        |       |       |   314 |   138 |       ||   452
       Plate armour      |       |       |       |   428 |  1256 ||  1684
Dodge: Dodged            |    43 |   105 |   142 |   233 |   541 ||  1064
Block: Kite shield       |    89 |   186 |   294 |   641 |  2382 ||  3592

Table legend: (Time is in decaauts)
 A = Elapsed time spent in this place.
 B = Non-inter-level travel time spent in this place.
 C = Inter-level travel time spent in this place.
 D = Time resting spent in this place.
 E = Time spent auto-exploring this place.
 F = Levels seen in this place.
 G = Mean time per level.
                   A        B        C        D        E       F      G
               +--------+--------+--------+--------+--------+-----+--------+
         Total |  29803 |  28355 |   1448 |   7907 |  14093 |  22 | 1354.7 |
       Dungeon |  16119 |  14965 |   1154 |   3505 |   8395 |  11 | 1465.4 |
        Temple |    280 |    269 |     11 |      0 |    268 |   1 |  280.0 |
          Lair |   9169 |   8904 |    265 |   2241 |   4646 |   6 | 1528.2 |
  Orcish Mines |   1810 |   1793 |     17 |    845 |    520 |   2 |  905.0 |
      Ice Cave |   1871 |   1871 |      0 |   1165 |     67 |   1 | 1871.0 |
      Gauntlet |    552 |    552 |      0 |    151 |    197 |   1 |  552.0 |
               +--------+--------+--------+--------+--------+-----+--------+

Top non-repeatable levels by time:
     D:6: 2461 daAuts
  Lair:6: 2085 daAuts
     D:9: 1979 daAuts
   IceCv: 1871 daAuts
  Lair:4: 1714 daAuts
  Lair:5: 1702 daAuts
     D:5: 1672 daAuts
     D:2: 1666 daAuts
     D:8: 1567 daAuts
  Lair:1: 1549 daAuts
     D:4: 1302 daAuts
     D:1: 1226 daAuts
     D:7: 1157 daAuts
  Lair:2: 1111 daAuts
    D:10: 1102 daAuts
